Map: Moonlight Madness LE (Void)

Players

ImotoFantasy - Winner!

  • Race: Protoss Protoss
  • League: Grandmaster

PaDyMaN

  • Race: Terran Terran
  • League: Gold

VOD

Have the link to the VOD?

Description

Time

  • Played on: Oct. 25, 2015, 12:45 p.m.
  • Length: 11:20
Show
View Real Time Build Order
Export as new Build Order

ImotoFantasy Protoss - Winner!

Build Orders: 1 Gate Expand 

Get SALT Encoding   

  12  0:02  Probe (Chrono Boost)  
  13  0:12  Probe (Chrono Boost)  
  14  0:20  Pylon  
  14  0:23  Probe (Chrono Boost)  
  15  0:39  Probe (Chrono Boost)  
  15  0:42  Gateway  
  16  0:49  Probe (Chrono Boost)  
  17  0:51  Assimilator  
  17  1:00  Probe (Chrono Boost)  
  18  1:10  Probe (Chrono Boost)  
  19  1:19  Nexus  
  19  1:23  Probe (Chrono Boost)  
  20  1:34  Cybernetics Core  
  20  1:35  Probe (Chrono Boost)  
  21  1:40  Assimilator  
  21  1:48  Pylon  
  21  1:50  Probe (Chrono Boost)  
  22  2:03  Probe (Chrono Boost)  
  23  2:10  Stalker (Chrono Boost)  
  23  2:12  Warp Gate  
  23  2:14  Probe (Chrono Boost)  
  25  2:25  Mothership Core (Chrono Boost)  
  27  2:31  Probe (Chrono Boost)  
  28  2:39  Stalker (Chrono Boost)  
  28  2:42  Probe  
  28  2:43  Probe  
  32  2:54  Probe x2  
  34  3:02  Forge  
  34  3:05  Probe  
  34  3:06  Pylon  
  34  3:07  Probe (Chrono Boost)  
  36  3:17  Probe (Chrono Boost), Pylon  
  36  3:19  Probe (Chrono Boost)  
  38  3:28  Probe (Chrono Boost)  
  38  3:29  Probe (Chrono Boost)  
  40  3:34  Protoss Ground Weapons Level 1 (Chrono Boost)  
  40  3:36  Gateway  
  40  3:37  Gateway  
  40  3:39  Probe  
  41  3:42  Probe  
  42  3:51  Probe  
  42  3:52  Probe  
  42  3:53  Sentry  
  46  3:57  Robotics Facility  
  44  4:04  Probe  
  44  4:06  Pylon  
  44  4:07  Probe  
  44  4:09  Pylon  
  46  4:16  Probe  
  47  4:26  Probe  
  47  4:28  Probe  
  47  4:30  Zealot  
  51  4:31  Stalker  
  51  4:32  Stalker  
  51  4:36  Assimilator  
  51  4:38  Assimilator  
  55  4:44  Immortal  
  59  4:48  Pylon  
  59  4:53  Twilight Council  
  59  4:57  Pylon  
  59  4:59  Probe  
  59  5:01  Probe  
  61  5:14  Probe  
  61  5:16  Probe  
  63  5:24  Zealot x3, Protoss Ground Armor Level 1 (Chrono Boost)  
  63  5:27  Observer  
  70  5:41  Probe  
  70  5:42  Probe  
  72  5:48  Pylon  
  72  5:49  Nexus  
  72  5:52  Pylon  
  72  5:56  Pylon  
  72  6:07  Probe  
  72  6:08  Probe  
  74  6:11  Stalker  
  74  6:14  Immortal  
  74  6:17  Pylon  
  80  6:18  Stalker x2, Probe  
  80  6:21  Charge (Chrono Boost)  
  85  6:28  Pylon  
  85  6:33  Gateway  
  85  6:34  Gateway, Probe  
  85  6:35  Probe, Gateway, Assimilator  
  85  6:38  Pylon  
  85  6:39  Assimilator  
  87  6:48  Probe x2  
  87  6:52  Robotics Bay  
  89  6:55  Protoss Ground Weapons Level 2  
  89  6:56  Warp Prism  
  89  6:57  Robotics Facility  
  89  7:00  Probe  
  89  7:01  Probe x2  
  94  7:11  Probe  
  94  7:13  Probe x2  
  97  7:17  Stalker x2  
  101  7:29  Gateway  
  101  7:30  Gateway  
  101  7:34  Photon Cannon  
  101  7:35  Photon Cannon  
  101  7:45  Disruptor  
  101  7:46  Disruptor  
  107  7:52  Blink (Chrono Boost)  
  107  8:06  Zealot x5  
  107  8:07  Zealot  
  119  8:14  Photon Cannon  
  119  8:23  Disruptor (Chrono Boost)  
  119  8:24  Disruptor (Chrono Boost)  
  125  8:39  Pylon  
  125  8:58  Disruptor (Chrono Boost)  
  125  9:01  Zealot  
  125  9:02  Observer (Chrono Boost), Zealot x5  
  139  9:03  Zealot x2  
  109  9:32  Zealot x2  
  109  9:33  Zealot x4  
  109  9:34  Zealot x2  
  125  9:54  Disruptor x2 (Chrono Boost)  
  125  9:55  Stalker x3  
  125  9:56  Stalker x5  
  147  10:26  Disruptor x2 (Chrono Boost)  
  153  10:30  Pylon, Zealot x2  
Show
View Real Time Build Order
Export as new Build Order

PaDyMaN Terran 

Build Orders: MMM Bio 

Get SALT Encoding   

  12  0:00  SCV  
  13  0:13  SCV  
  14  0:18  Supply Depot  
  14  0:25  Refinery  
  14  0:29  SCV  
  15  0:42  Barracks  
  15  0:49  SCV  
  16  1:01  SCV  
  17  1:14  SCV  
  18  1:27  Refinery  
  18  1:30  Supply Depot, Reaper  
  18  1:32  Orbital Command  
  19  1:43  Barracks  
  19  1:55  Barracks  
  19  2:03  Barracks Tech Lab  
  19  2:08  SCV  
  20  2:19  Factory  
  20  2:20  SCV  
  21  2:26  Stimpack  
  21  2:27  Marine  
  22  2:32  Barracks Tech Lab  
  22  2:38  SCV  
  23  2:58  SCV  
  23  2:59  Concussive Shells  
  23  3:00  Barracks Reactor  
  23  3:01  Marine  
  23  3:02  Marauder  
  26  3:05  Factory Reactor  
  26  3:10  SCV  
  27  3:15  Engineering Bay  
  27  3:19  Marauder  
  29  3:26  Starport  
  29  3:28  Marine  
  29  3:33  SCV  
  31  3:37  Supply Depot  
  31  3:58  Marine x4  
  35  4:10  Missile Turret  
  35  4:13  Medivac  
  35  4:14  Supply Depot  
  35  4:15  Medivac  
  39  4:24  Terran Infantry Weapons Level 1  
  39  4:35  Marine x2  
  39  4:36  Marauder  
  43  4:44  Marine  
  44  4:54  Marine  
  44  4:57  Marauder  
  47  5:05  Command Center  
  47  5:20  Supply Depot  
  47  5:37  SCV, Marine  
  47  5:38  Marine  
  47  5:41  Widow Mine  
  48  5:49  Marine x2  
  41  6:06  SCV  
  41  6:07  Marauder, Marine x2  
  41  6:08  Medivac, Marauder  
  44  6:18  SCV  
  45  6:22  Orbital Command  
  45  6:24  Marine  
  45  6:25  Marine  
  47  6:28  Marine  
  47  6:29  Marauder  
  47  6:30  SCV  
  51  6:34  Missile Turret  
  51  6:42  SCV, Marine x2  
  51  6:45  Terran Infantry Armor Level 1  
  56  6:47  Marauder  
  56  6:50  SCV  
  57  6:54  SCV  
  57  7:00  Combat Shields  
  58  7:02  SCV, Marine  
  58  7:06  SCV  
  61  7:08  Medivac  
  61  7:14  SCV  
  61  7:15  Supply Depot  
  64  7:17  Marine  
  64  7:19  Liberator  
  64  7:21  Marine x2  
  67  7:25  Marauder  
  67  7:26  SCV  
  73  7:37  SCV, Supply Depot  
  73  7:39  SCV  
  73  7:41  Marine  
  76  7:49  SCV  
  76  7:50  Marine  
  78  7:52  Missile Turret  
  78  7:59  SCV, Marauder, Marine  
  78  8:03  Marine  
  83  8:08  SCV, Marine  
  83  8:11  SCV  
  86  8:14  Supply Depot  
  86  8:18  Armory  
  86  8:35  SCV x2, Marauder, Marine x2  
  86  8:36  Marine  
  93  8:41  Supply Depot  
  93  8:47  SCV  
  94  9:02  Marine  
  94  9:03  Command Center, SCV x2, Marauder  
  94  9:04  Liberator  
  99  9:17  Marine x2  
  99  9:20  Marine  
  99  9:24  Marauder  
  99  9:28  Liberator  
  88  9:35  Marine  
  88  9:36  Marauder  
  88  9:38  Marine  
  91  9:42  SCV x2  
  78  9:46  Marauder  
  73  9:53  Marine  
  73  9:54  SCV  
  73  9:56  Marine  
  73  9:57  Marauder, Liberator  
  78  10:01  Engineering Bay  
  78  10:02  SCV, Barracks  
  78  10:03  Barracks  
  78  10:06  SCV  
  80  10:07  Marauder  
  82  10:14  SCV  
  82  10:16  Marine x2  
  82  10:18  Marine  
  91  10:28  Marauder  
  74  10:47  Marine x2  
  74  10:48  Marauder  
Tags
 
Add a new tag
Caveats
  • Supply blocks, unpowered buildings, or Contaminate may cause inaccurate times.
  • Supply counts are checked every 10 seconds.